 Dungeon Crawl Stone Soup version 0.31-a0-233-g139696dc86 (webtiles) character file.

Game seed: 15516306959240937057

205 qw the Shooter (level 5, -3/45 HPs)
             Began as a Minotaur Hexslinger on July 8, 2023.
             Killed by divine providence
             ... invoked by an orc priest
              (12 damage)
             ... on level 4 of the Dungeon.
             The game lasted 00:00:41 (1802 turns).

qw the Shooter (Minotaur Hexslinger)                Turns: 1802, Time: 00:00:41

Health: -3/45      AC:  3    Str: 13    XL:     5   Next: 52%
Magic:  5/5        EV: 12    Int: 10    God:
Gold:   122        SH:  0    Dex: 14    Spells: 5/6 levels left

rFire   . . .        Y - +2 sling
rCold   . . .        (no shield)
rNeg    . . .        e - +0 leather armour
rPois   .            (helmet restricted)
rElec   .            (no cloak)
rCorr   +            (no gloves)
SInv    .            (no boots)
Will    .....        (no amulet)
Stlth   +            f - ring of resist corrosion
HPRegen 0.27/turn    (no ring)
MPRegen 0.09/turn

%: no passive effects
@: no status effects
A: horns 2, retaliatory headbutt
a: no special abilities


You were on level 4 of the Dungeon.
You visited 1 branch of the dungeon, and saw 4 of its levels.

You collected 122 gold pieces.


Innate Abilities, Weirdness & Mutations

You have a pair of horns on your head.
You reflexively headbutt those who attack you in melee.


   Skills:
 - Level 3.0 Fighting
 + Level 5.9 Ranged Weapons
 - Level 2.1 Dodging
 - Level 1.0 Spellcasting
 - Level 2.0 Hexes


You had 5 spell levels left.
You knew the following spells:

 Your Spells              Type           Power      Damage    Failure   Level
a - Slow                  Hex            16%        N/A       19%         1

Your spell library contained the following spells:

 Spells                   Type           Power      Damage    Failure   Level
 Inner Flame              Hex/Fire       2%         N/A       65%         3
 Portal Projectile        Hex/Tloc       4%         N/A       65%         3
 Cause Fear               Hex            2%         N/A       88%         4

Inventory:

Hand Weapons
 Y - a +2 sling (weapon)
Armour
 e - a +0 leather armour (worn)
Jewellery
 f - a ring of resist corrosion (left hand)
Scrolls
 a - 2 scrolls of identify
Potions
 d - a potion of attraction {unknown}
 i - a potion of lignification {unknown}
 j - 2 potions of curing

Dungeon Overview and Level Annotations

Branches:
Dungeon (4/15)
 Temple: D:4-7

Altars:
Dithmenos


Message History

Beogh smites you!
The orc priest hits you with a +0 hand axe.
You shoot a sling bullet.
The sling bullet closely misses the orc priest.
The orc priest hits you with a +0 hand axe.
You shoot a sling bullet. The sling bullet hits the orc priest.
The orc priest is moderately wounded.
The orc priest barely misses you.
You shoot a sling bullet.
The sling bullet closely misses the orc priest.
The orc priest hits you with a +0 hand axe.
You shoot a sling bullet.
The sling bullet closely misses the orc priest.
The orc priest hits you with a +0 hand axe.
You shoot a sling bullet.
The sling bullet closely misses the orc priest.
The orc priest closely misses you.
You shoot a sling bullet.
The sling bullet closely misses the orc priest.
The orc priest mumbles some strange prayers to Beogh against you.
Pain shoots through your body!
You shoot a sling bullet.
The sling bullet hits the orc priest but does no damage.
The orc priest is moderately wounded.
The orc priest hits you with a +0 hand axe.
You shoot a sling bullet.
The sling bullet barely misses the orc priest.
The orc priest hits you with a +0 hand axe.
The orc priest closely misses you.
You shoot a sling bullet.
The sling bullet barely misses the orc priest.
The orc priest hits you with a +0 hand axe.
You shoot a sling bullet.
The sling bullet closely misses the orc priest.
The orc priest looks braver for a moment.
You shoot a sling bullet. The sling bullet hits the orc priest.
The orc priest is heavily wounded.
The orc priest invokes the aid of Beogh against you.
Beogh smites you!
You die...

#...# #...# #...#
#####...#####
#...........#
#...........##
#............#
.######)...........#
......o@...........#
.######......>...(<#
#########.#### #.#
#.% #... #...


You could see an orc priest.

Vanquished Creatures
  A phantom (D:4)
  A scorpion (D:3)
  An adder (D:3)
  4 dart slugs
  2 orcs (D:4)
  7 ball pythons
  7 endoplasms
  A giant cockroach (D:1)
  4 goblins
  4 hobgoblins
  4 jackals (D:1)
  A quokka (D:1)
  5 bats
  6 kobolds
  3 rats
51 creatures vanquished.

Notes
Turn   | Place    | Note
-------+----------+-------------------------------------------
     0 | D:1      | qw the Minotaur Hexslinger began the quest for the Orb.
     0 | D:1      | Reached XP level 1. HP: 16/16 MP: 1/1
     0 | D:1      | 0 ||| qw: Version: 0.3-a-46-gb1f654a
     0 | D:1      | 0 ||| qw: Game counter: 3511
     0 | D:1      | 0 ||| qw: Melee chars always use a shield: true
     0 | D:1      | 0 ||| qw: God list: Okawaru
     0 | D:1      | 0 ||| qw: Allow faded altars: false
     0 | D:1      | 0 ||| qw: Do Orc after clearing Dungeon:15 true
     0 | D:1      | 0 ||| qw: Do second Lair branch before Depths: true
     0 | D:1      | 0 ||| qw: Lair rune preference: random
     0 | D:1      | 0 ||| qw: Goals: Normal
     0 | D:1      | 0 ||| PLANNING D:1-11
    73 | D:1      | Reached skill level 3 in Ranged Weapons
    77 | D:1      | Reached XP level 2. HP: 19/23 MP: 2/2
   443 | D:1      | 443 ||| UPGRADING to +0 leather armour.
   458 | D:1      | Reached XP level 3. HP: 23/29 MP: 3/3
   481 | D:1      | 481 ||| DROPPING +0 robe.
   520 | D:1      | 520 ||| UPGRADING to ring of resist corrosion.
   521 | D:1      | 521 ||| READING scroll labelled GEUSEU YBELO.
   522 | D:1      | 522 ||| READING scroll labelled BUNIMA RELAS WEH.
   523 | D:1      | 523 ||| READING scroll labelled PAEBIGH TUHIGI.
   527 | D:1      | 527 ||| DRINKING 2 golden potions.
   528 | D:1      | 528 ||| DROPPING scroll of poison.
   964 | D:2      | 964 ||| READING 2 scrolls labelled XEUFUQ HU OTH.
   965 | D:2      | 965 ||| READING scroll labelled PEL YN GUD.
  1013 | D:3      | Noticed a scorpion
  1022 | D:3      | Killed a scorpion
  1023 | D:3      | Reached skill level 5 in Ranged Weapons
  1023 | D:3      | Reached XP level 4. HP: 20/36 MP: 4/4
  1235 | D:3      | Found a shadowy altar of Dithmenos.
  1682 | D:3      | 1682 ||| READING scroll labelled EPLAUC USTREMN.
  1683 | D:3      | 1683 ||| READING 3 scrolls of identify.
  1683 | D:3      | 1683 ||| IDENTIFYING gluggy clear potion
  1684 | D:3      | 1684 ||| READING 2 scrolls of identify.
  1684 | D:3      | 1684 ||| IDENTIFYING glowing blue potion
  1685 | D:3      | 1685 ||| DROPPING potion of berserk rage.
  1686 | D:3      | 1686 ||| DROPPING potion of degeneration.
  1727 | D:4      | Reached skill level 3 in Fighting
  1730 | D:4      | Noticed a phantom
  1738 | D:4      | Killed a phantom
  1739 | D:4      | Reached XP level 5. HP: 34/45 MP: 5/5
  1799 | D:4      | HP: 11/45 [orc priest/+0 hand axe (4)]
  1802 | D:4      | Killed from afar by an orc priest

Levels and vault maps discovered:
D:1:      scummos_arrival_gate, layout_rooms, serial_curves, eino_curves_03,
          eino_curves_03, kennysheep_decorative_pillar
D:2:      layout_rooms
D:3:      layout_loops_cross, nicolae_dithmenos_shadow_blocks, serial_bayou,
          serial_bayou_pond_b, serial_bayou_pond_b, serial_bayou_shore_b
D:4:      layout_basic, uniq_grinder, uniq_ijyb, uniq_pikel

Skill      XL: |  1  2  3  4 |
---------------+-------------+-----
Ranged Weapons | 3 5 |  5.9
Fighting       | 2 3 |  3.0
Dodging        | |  2.1
Spellcasting   | |  1.0
Hexes          | |  2.0

Action                     |  1- 3 |  4- 6 || total
---------------------------+-------+-------++-------
   Fire: Sling             |    82 |    78 ||   160
    Use: Scroll            |     5 |     3 ||     8
         Potion            |     1 |       ||     1
 Armour: Robe              |     5 |       ||     5
         Leather armour    |     3 |     1 ||     4
  Dodge: Dodged            |    27 |    16 ||    43

Table legend:
 A = Non-vault XP
 B = Vault XP
 C = Vault XP percentage of total XP
 D = Non-vault monster count
 E = Vault monster count
 F = Vault count percentage of total count
                 A         B        C        D         E       F
            +---------+---------+-------+---------+---------+-------
      Total |     197 |      96 |  32.8 |      45 |       6 |  11.8
            +---------+---------+-------+---------+---------+-------
        D:1 |      42 |       0 |   0.0 |      24 |       0 |   0.0
        D:2 |      10 |       0 |   0.0 |       4 |       0 |   0.0
        D:3 |      35 |      96 |  73.3 |      13 |       6 |  31.6
        D:4 |     110 |       0 |   0.0 |       4 |       0 |   0.0
            +---------+---------+-------+---------+---------+-------
